Map: Апофеоз РВ

Players

Psix - Winner!

  • Race: Zerg Zerg
  • Spawn Location: 5:00

OleAlex

  • Race: Protoss Protoss
  • League: Silver
  • Spawn Location: 11:00

VOD

Have the link to the VOD?

Description

Time

  • Played on: Sept. 29, 2016, 8:32 p.m.
  • Length: 10:55
Show
View Real Time Build Order
Export as new Build Order

Psix Zerg - Winner!

Build Orders: Hatch First 

Get SALT Encoding   

  12  0:02  Drone  
  13  0:14  Overlord  
  13  0:20  Drone  
  14  0:33  Drone x2  
  16  0:39  Drone  
  17  0:58  Hatchery  
  17  0:59  Drone  
  17  1:03  Drone  
  18  1:09  Extractor, Drone  
  18  1:23  Drone  
  18  1:25  Spawning Pool  
  18  1:31  Drone  
  19  1:40  Overlord  
  19  1:57  Drone  
  20  2:05  Drone  
  21  2:12  Metabolic Boost  
  21  2:14  Queen  
  23  2:16  Queen  
  23  2:17  Drone  
  23  2:21  Drone  
  27  2:24  Zergling x4  
  29  2:33  Drone  
  29  2:34  Overlord  
  30  2:42  Drone  
  31  2:50  Lair  
  31  2:54  Zergling x4  
  33  3:04  Evolution Chamber  
  32  3:08  Roach Warren  
  31  3:17  Overlord x2  
  31  3:18  Zergling x2  
  31  3:19  Zergling x2  
  33  3:20  Drone  
  33  3:25  Drone  
  35  3:29  Drone  
  35  3:34  Zerg Missile Weapons Level 1  
  36  3:37  Drone  
  37  3:51  Roach x2  
  37  3:52  Roach  
  44  3:55  Drone x2  
  44  3:56  Drone  
  46  4:04  Extractor  
  46  4:07  Roach  
  46  4:09  Zergling x4  
  43  4:21  Roach x2  
  47  4:40  Extractor  
  47  4:44  Drone x2  
  48  4:46  Drone x3  
  51  4:58  Drone  
  52  5:09  Glial Reconstitution  
  52  5:13  Drone  
  53  5:15  Roach  
  53  5:16  Roach x2  
  58  5:22  Overlord  
  58  5:23  Overlord x3  
  58  5:41  Roach x4  
  58  5:42  Roach  
  68  5:46  Drone  
  68  5:49  Drone  
  70  5:54  Drone  
  71  6:08  Roach x2  
  71  6:09  Roach x3  
  81  6:18  Roach  
  83  6:34  Overseer  
  83  6:38  Roach x4  
  83  6:39  Overlord x3  
  89  7:05  Roach x4  
  89  7:06  Roach x6  
  107  7:11  Queen  
  109  7:16  Roach  
  111  7:29  Overlord x2, Roach x2  
  115  7:30  Overlord x3  
  115  8:21  Hatchery  
  115  8:22  Roach x4  
  115  8:23  Roach x5  
  132  8:33  Hatchery  
  130  8:52  Roach x2  
  130  8:53  Roach x3  
  138  9:06  Zergling x8  
  138  9:07  Zergling x2  
  141  9:12  Roach Warren  
  122  9:46  Hatchery  
  121  10:03  Roach x6  
  121  10:04  Roach x2  
Show
View Real Time Build Order
Export as new Build Order

OleAlex Protoss 

Build Orders: Double Forge 

Get SALT Encoding   

  12  0:05  Probe (Chrono Boost)  
  14  0:28  Probe (Chrono Boost)  
  14  0:36  Pylon  
  14  0:39  Probe (Chrono Boost)  
  15  0:54  Probe (Chrono Boost)  
  16  0:59  Forge  
  16  1:05  Probe (Chrono Boost)  
  16  1:06  Gateway  
  17  1:15  Gateway, Probe (Chrono Boost)  
  18  1:26  Probe (Chrono Boost)  
  18  1:32  Assimilator  
  19  1:36  Probe (Chrono Boost)  
  19  1:38  Pylon  
  20  1:49  Probe (Chrono Boost)  
  20  1:51  Photon Cannon  
  21  1:56  Pylon  
  21  1:58  Zealot  
  23  2:03  Probe (Chrono Boost)  
  24  2:10  Zealot  
  24  2:14  Probe (Chrono Boost)  
  27  2:25  Probe (Chrono Boost)  
  28  2:35  Probe (Chrono Boost)  
  29  2:42  Zealot x2  
  33  2:46  Probe (Chrono Boost)  
  33  2:49  Gateway  
  34  2:56  Probe (Chrono Boost)  
  34  2:58  Pylon  
  35  3:06  Cybernetics Core  
  35  3:07  Probe (Chrono Boost)  
  36  3:17  Probe (Chrono Boost)  
  37  3:28  Nexus, Probe (Chrono Boost)  
  37  3:29  Zealot  
  40  3:38  Probe (Chrono Boost)  
  41  3:44  Assimilator  
  41  3:48  Forge  
  41  3:58  Zealot x2  
  41  4:25  Zealot x2  
  41  4:45  Gateway, Probe x2 (Chrono Boost)  
  43  4:48  Warp Gate, Gateway  
  43  4:52  Zealot x2, Gateway  
  45  4:55  Probe (Chrono Boost)  
  45  4:56  Probe (Chrono Boost)  
  47  5:00  Protoss Ground Weapons Level 1  
  47  5:06  Probe x2 (Chrono Boost)  
  49  5:19  Zealot  
  47  5:24  Zealot x2  
  51  5:33  Assimilator  
  51  5:37  Assimilator  
  51  5:39  Zealot x2  
  55  5:44  Probe x2 (Chrono Boost)  
  55  5:46  Zealot  
  55  5:47  Protoss Ground Armor Level 1  
  59  5:51  Zealot  
  61  6:12  Probe (Chrono Boost)  
  61  6:14  Pylon  
  62  6:19  Pylon  
  62  6:21  Pylon  
  62  6:27  Zealot  
  62  6:29  Zealot  
  62  6:32  Zealot x2, Stalker, Probe x2 (Chrono Boost)  
  70  6:37  Stalker  
  70  6:43  Probe x2 (Chrono Boost)  
  68  6:54  Zealot  
  68  6:56  Zealot  
  68  6:59  Zealot x2  
  72  7:02  Zealot  
  72  7:07  Zealot, Probe (Chrono Boost)  
  71  7:14  Probe (Chrono Boost)  
  70  7:18  Probe (Chrono Boost)  
  70  7:21  Zealot  
  73  7:24  Zealot  
  73  7:25  Probe (Chrono Boost)  
  73  7:26  Zealot x2  
  73  7:29  Zealot  
  82  7:34  Zealot  
  82  7:36  Probe (Chrono Boost)  
  82  7:37  Probe (Chrono Boost)  
  86  7:44  Photon Cannon  
  86  7:49  Nexus, Protoss Shields Level 1  
  86  7:53  Photon Cannon  
  86  7:54  Zealot  
  86  7:55  Probe x2 (Chrono Boost)  
  76  8:06  Probe (Chrono Boost)  
  77  8:34  Stalker  
  59  9:20  Photon Cannon  
  59  9:21  Photon Cannon  
  46  9:25  Photon Cannon  
  46  9:26  Photon Cannon  
  46  9:28  Photon Cannon  
  46  9:30  Photon Cannon  
  37  9:32  Photon Cannon  
  37  9:35  Photon Cannon  
  29  9:42  Photon Cannon  
  29  9:44  Photon Cannon  
  21  9:51  Photon Cannon  
  21  9:54  Photon Cannon  
  21  9:58  Photon Cannon  
  21  9:59  Gateway  
  21  10:00  Gateway  
  21  10:01  Photon Cannon  
  21  10:04  Gateway  
  21  10:06  Photon Cannon  
  21  10:09  Photon Cannon  
  21  10:14  Gateway  
Tags
 
Add a new tag
Caveats
  • Supply blocks, unpowered buildings, or Contaminate may cause inaccurate times.
  • Supply counts are checked every 10 seconds.